Map: Ruins of Seras

Players

wallfacer (ZhuGeLiang)

  • Race: Zerg Zerg
  • League: Master

Beastyqt - Winner!

  • Race: Terran Terran
  • League: Master

Event: DreamHack ZOWIE Open Leipzig

VOD

Have the link to the VOD?

Description

Time

  • Played on: Jan. 22, 2016, 9:52 a.m.
  • Length: 28:41

All games in this series

Show
View Real Time Build Order
Export as new Build Order

wallfacer Zerg 

Build Orders: Hatch First, Muta Ling Bane 

Get SALT Encoding   

  12  0:01  Drone  
  13  0:12  Overlord  
  13  0:18  Drone  
  14  0:30  Drone x2  
  14  0:34  Drone  
  17  0:53  Hatchery  
  17  0:56  Drone  
  17  1:00  Drone  
  17  1:03  Extractor  
  17  1:15  Spawning Pool  
  16  1:19  Drone  
  16  1:22  Drone  
  18  1:28  Drone  
  19  1:39  Overlord  
  19  1:49  Drone  
  20  2:02  Queen  
  20  2:04  Zergling x2  
  20  2:05  Queen  
  20  2:06  Metabolic Boost  
  25  2:09  Zergling x2  
  25  2:13  Zergling x2  
  27  2:16  Drone  
  27  2:22  Drone  
  29  2:27  Drone  
  30  2:34  Drone  
  31  2:41  Hatchery  
  30  2:47  Drone x2  
  32  2:56  Overlord  
  32  2:57  Drone  
  33  3:02  Drone  
  34  3:09  Baneling Nest  
  34  3:11  Overlord  
  34  3:13  Overlord  
  34  3:16  Drone x2  
  35  3:21  Overlord  
  35  3:25  Overlord  
  35  3:29  Lair  
  35  3:30  Drone  
  36  3:34  Drone x2  
  36  3:37  Drone  
  39  3:42  Queen  
  39  3:44  Drone  
  42  3:50  Drone x3  
  45  3:57  Drone x3, Extractor  
  45  4:00  Zergling x4  
  49  4:05  Spine Crawler  
  49  4:07  Drone, Extractor  
  48  4:12  Queen  
  50  4:20  Drone, Queen  
  54  4:24  Drone x3  
  56  4:33  Spire  
  56  4:34  Drone x2  
  57  4:43  Queen  
  59  4:48  Zergling x2  
  59  4:49  Zergling x8  
  63  4:54  Spine Crawler  
  62  5:02  Zergling x10  
  65  5:16  Zergling x4  
  65  5:25  Overlord  
  65  5:26  Drone  
  65  5:27  Drone x6  
  68  5:36  Drone x7  
  68  5:38  Queen  
  69  5:50  Extractor  
  69  5:52  Mutalisk x3  
  74  6:01  Overlord, Mutalisk x2  
  78  6:04  Zerg Flyer Weapons Level 1  
  78  6:08  Mutalisk  
  78  6:10  Overlord  
  80  6:12  Overlord  
  80  6:13  Mutalisk  
  80  6:18  Spore Crawler  
  78  6:20  Overlord  
  78  6:22  Spore Crawler  
  78  6:25  Drone x5  
  82  6:32  Spore Crawler  
  81  6:35  Drone x3  
  84  6:40  Overlord  
  84  6:43  Drone x4  
  84  6:45  Baneling Nest  
  87  6:49  Drone x4  
  87  6:53  Drone x3  
  94  6:55  Overlord  
  94  7:01  Overlord  
  94  7:06  Extractor x2  
  94  7:08  Evolution Chamber  
  91  7:09  Evolution Chamber  
  91  7:15  Drone x2  
  92  7:17  Zergling x10  
  97  7:24  Hatchery, Drone x3  
  98  7:35  Centrifical Hooks, Zerg Ground Armor Level 1, Zerg Melee Weapons Level 1  
  98  7:37  Overlord  
  98  7:42  Overlord  
  98  7:46  Hatchery  
  97  7:53  Zergling x10  
  97  7:54  Zergling x6  
  105  8:01  Zergling x14  
  105  8:03  Baneling  
  105  8:04  Baneling x4  
  112  8:10  Zergling x8  
  116  8:20  Zergling x6  
  116  8:26  Zergling x2  
  122  8:27  Zergling x4  
  122  8:28  Infestation Pit  
  122  8:33  Zergling x2  
  122  8:34  Zergling x12  
  127  8:37  Baneling x13  
  127  8:38  Baneling x7  
  124  8:42  Drone x3  
  124  8:43  Drone  
  124  8:45  Pneumatized Carapace  
  124  8:46  Overseer  
  124  8:48  Overseer  
  128  9:01  Zergling x20  
  137  9:07  Corruptor  
  136  9:13  Corruptor x2  
  139  9:19  Hive  
  139  9:21  Drone x3  
  142  9:29  Corruptor  
  142  9:30  Corruptor x2  
  146  9:39  Baneling  
  146  9:40  Baneling  
  146  9:44  Mutalisk  
  146  9:45  Mutalisk x2  
  148  9:50  Overlord  
  148  9:52  Overlord x2  
  147  9:53  Extractor  
  146  10:06  Mutalisk x5  
  142  10:08  Overlord  
  142  10:13  Overlord  
  150  10:16  Drone x8  
  150  10:18  Zerg Ground Armor Level 2, Zerg Melee Weapons Level 2  
  158  10:35  Zergling x4  
  158  10:36  Zergling x20  
  169  10:43  Hatchery  
  164  10:50  Zergling x4  
  164  10:51  Zergling x30  
  179  11:00  Adrenal Glands  
  179  11:02  Ultralisk Cavern  
  178  11:05  Overlord x3  
  178  11:06  Drone x3  
  178  11:09  Extractor  
  178  11:10  Overlord  
  180  11:16  Baneling x12  
  180  11:17  Baneling x3  
  180  11:18  Overlord  
  180  11:30  Spore Crawler  
  179  11:45  Hatchery  
  170  11:56  Drone  
  170  11:57  Ultralisk x4  
  172  12:13  Zergling x2  
  172  12:14  Zergling x22  
  158  12:18  Zergling x12  
  158  12:19  Zergling x2  
  151  12:26  Zergling x10  
  151  12:27  Zergling x6  
  146  12:50  Zerg Ground Armor Level 3  
  146  12:51  Zerg Melee Weapons Level 3  
  143  12:57  Drone x9  
  151  13:10  Queen  
  153  13:14  Extractor  
  145  13:47  Mutalisk x9  
  160  13:55  Ultralisk Cavern  
  160  13:56  Zergling x2  
  160  13:57  Zergling x30  
  164  14:22  Drone x3  
  167  14:30  Queen  
  147  15:20  Extractor  
  146  15:21  Extractor  
  145  15:28  Overlord  
  145  15:39  Chitinous Plating  
  145  15:44  Hatchery  
  145  15:47  Infestation Pit  
  138  16:04  Spire  
  137  16:05  Spire  
  136  16:17  Queen  
  138  16:23  Drone x6  
  140  16:55  Spawning Pool  
  140  16:57  Pathogen Glands  
  130  17:18  Greater Spire  
  128  17:33  Zerg Flyer Weapons Level 2  
  128  17:35  Ultralisk x5  
  158  17:37  Corruptor x6  
  158  17:43  Queen x3  
  175  17:45  Zerg Missile Weapons Level 1  
  172  18:02  Overseer  
  172  18:10  Spore Crawler  
  172  18:11  Spine Crawler, Extractor  
  172  18:12  Extractor  
  168  18:26  Queen x3  
  174  18:35  Zerg Flyer Armor Level 1, Brood Lord x2  
  174  18:36  Brood Lord x8  
  192  18:50  Overseer  
  191  18:56  Ultralisk  
  190  19:11  Zergling x18  
  190  19:16  Overseer  
  185  19:21  Hatchery  
  184  19:29  Ultralisk x2  
  196  20:13  Zergling x8  
  196  20:14  Hatchery  
  199  20:18  Zerg Flyer Weapons Level 3  
  198  20:26  Zergling x2  
  195  20:39  Zergling x16  
  191  21:04  Zergling x14  
  191  21:05  Zergling x4  
  191  21:11  Mutalisk  
  191  21:12  Mutalisk x4  
  197  21:20  Zerg Flyer Armor Level 2  
  194  21:30  Hatchery  
  194  21:31  Spine Crawler  
  189  21:34  Drone, Spore Crawler  
  185  21:47  Drone x2  
  185  21:49  Drone x11  
  185  21:50  Drone x2  
  200  22:11  Zerg Missile Weapons Level 2  
  191  22:54  Drone x5, Spore Crawler x2  
  194  23:08  Spine Crawler  
  194  23:12  Corruptor x3  
  199  23:28  Extractor  
  198  23:35  Drone  
  198  23:36  Drone x2, Spore Crawler, Extractor  
  199  23:48  Spore Crawler  
  198  23:49  Spore Crawler  
  198  23:50  Zerg Flyer Armor Level 3  
  196  24:10  Burrow  
  196  24:16  Corruptor x5  
  186  24:33  Corruptor x2  
  186  24:34  Corruptor  
  192  24:41  Corruptor  
  194  24:56  Hatchery  
  193  25:10  Zergling x12  
  191  25:42  Corruptor x4  
  190  25:58  Mutalisk  
  179  26:47  Zergling x6  
  180  27:51  Corruptor x2  
  184  28:02  Corruptor  
Show
View Real Time Build Order
Export as new Build Order

Beastyqt Terran - Winner!

Build Orders: MMM Bio 

Get SALT Encoding   

  12  0:00  SCV  
  13  0:13  SCV  
  14  0:18  Supply Depot  
  14  0:25  SCV  
  15  0:39  SCV  
  15  0:41  Barracks  
  16  0:46  Refinery  
  16  0:51  SCV  
  17  1:03  SCV  
  18  1:15  SCV  
  19  1:28  Orbital Command  
  19  1:29  Barracks Reactor  
  19  1:44  Command Center  
  19  1:52  Supply Depot  
  19  1:57  SCV  
  20  2:04  Marine x2  
  22  2:09  SCV  
  23  2:15  Factory  
  23  2:21  SCV  
  23  2:22  Marine  
  25  2:23  Marine  
  26  2:33  SCV  
  27  2:40  Marine  
  27  2:41  Marine  
  29  2:45  SCV  
  29  2:54  Refinery  
  29  2:57  SCV, Orbital Command  
  30  3:01  Starport  
  30  3:10  SCV  
  30  3:11  Hellion  
  33  3:14  Hellion  
  33  3:15  Marine  
  36  3:22  SCV  
  36  3:23  Supply Depot  
  36  3:26  SCV  
  38  3:37  Hellion x2  
  38  3:39  SCV  
  43  3:42  SCV  
  43  3:43  Medivac  
  46  3:49  Supply Depot  
  46  3:51  SCV  
  47  3:58  Armory, SCV  
  48  4:03  Hellion  
  48  4:05  SCV  
  48  4:09  Barracks Tech Lab  
  51  4:10  SCV  
  52  4:19  SCV, Hellion  
  52  4:21  Supply Depot  
  55  4:25  Hellion  
  55  4:26  Liberator  
  55  4:27  SCV  
  58  4:33  SCV, Marine  
  58  4:34  Stimpack  
  60  4:43  SCV, Supply Depot  
  64  4:48  SCV  
  65  4:56  Factory Reactor  
  65  4:59  SCV  
  66  5:02  SCV  
  66  5:06  Marine  
  68  5:08  Liberator  
  68  5:11  SCV  
  68  5:12  Command Center  
  67  5:15  SCV  
  67  5:17  Supply Depot  
  67  5:23  SCV  
  67  5:25  Marine  
  70  5:30  SCV  
  70  5:35  SCV  
  68  5:41  Refinery x2, Engineering Bay  
  68  5:42  SCV, Engineering Bay  
  55  5:43  Marine  
  55  5:45  Supply Depot  
  55  5:48  Factory Tech Lab  
  56  5:52  SCV, Barracks x2  
  56  5:54  SCV  
  58  6:04  SCV  
  58  6:05  Barracks x2, Marine  
  58  6:06  SCV  
  58  6:07  Factory Reactor  
  58  6:09  Terran Infantry Weapons Level 1  
  58  6:10  Terran Infantry Armor Level 1  
  61  6:13  Starport Reactor  
  61  6:16  SCV  
  62  6:18  SCV  
  62  6:24  Missile Turret  
  63  6:26  Orbital Command  
  63  6:27  Missile Turret  
  63  6:30  Missile Turret  
  60  6:35  Factory Reactor, Marine  
  60  6:37  SCV x2, Liberator  
  60  6:39  Combat Shields, Marine  
  63  6:40  Marine x2  
  63  6:41  Marine, Liberator  
  67  6:52  Barracks Reactor x2  
  67  6:53  Marine  
  68  6:54  Orbital Command  
  68  6:56  SCV  
  68  6:57  Marine x2  
  68  6:58  Marine  
  78  7:04  SCV  
  79  7:08  SCV  
  79  7:13  Marine  
  79  7:15  Marine x2  
  82  7:16  Widow Mine x2  
  82  7:21  Supply Depot x2  
  82  7:22  SCV  
  88  7:25  SCV  
  88  7:26  Bunker  
  88  7:28  Marine x3  
  88  7:29  Marine x3  
  95  7:31  Marine  
  95  7:33  Marine  
  96  7:37  Terran Vehicle Weapons Level 1  
  96  7:40  SCV  
  96  7:41  Medivac x2  
  101  7:46  SCV  
  101  7:50  Marine x4  
  101  7:51  Marine x2, Widow Mine x2  
  106  7:52  Marine  
  106  7:53  SCV  
  106  7:55  Marine  
  115  8:00  Supply Depot  
  115  8:01  SCV  
  116  8:06  Marauder  
  116  8:07  Marine, Terran Infantry Weapons Level 2, Terran Infantry Armor Level 2  
  116  8:08  Marine x2  
  116  8:12  Supply Depot  
  121  8:15  Supply Depot  
  121  8:19  Marine x2  
  123  8:20  Medivac  
  123  8:24  Refinery  
  123  8:25  Refinery  
  124  8:33  Marauder, Marine x3  
  129  8:34  Marine  
  129  8:38  Supply Depot  
  129  8:47  SCV x2  
  129  8:48  Widow Mine x2  
  131  8:49  Concussive Shells, Marine x3  
  131  8:51  Command Center  
  131  8:55  Barracks x2  
  138  8:56  Factory  
  138  8:58  Marine x2  
  138  9:00  Liberator  
  140  9:13  Marine  
  140  9:15  Marine x3  
  140  9:16  Marauder  
  143  9:22  Supply Depot x2, Factory  
  143  9:24  Refinery  
  146  9:29  Widow Mine  
  146  9:31  Marine  
  148  9:32  Supply Depot  
  149  9:41  Marine  
  149  9:42  Barracks Tech Lab x2  
  146  9:47  Factory Tech Lab  
  137  9:54  Marauder, Marine x5  
  137  9:57  Ghost Academy  
  137  9:58  Supply Depot  
  144  10:04  Medivac x2  
  144  10:06  Marauder x2, Marine x2  
  144  10:07  Marine  
  149  10:12  Marine  
  146  10:16  Marauder  
  146  10:18  Factory Tech Lab  
  146  10:19  Thor  
  154  10:27  Marine x2  
  154  10:28  Marauder x2  
  160  10:31  Terran Infantry Weapons Level 3  
  160  10:37  Terran Infantry Armor Level 3, Missile Turret  
  160  10:41  Missile Turret  
  153  10:50  Terran Vehicle Weapons Level 2  
  153  10:51  SCV  
  153  10:52  Planetary Fortress  
  153  10:53  SCV x2  
  151  11:02  Thor  
  151  11:03  Hellion x2  
  161  11:10  Marine x2  
  163  11:13  Command Center  
  163  11:16  Infernal Pre-Igniter  
  163  11:18  Marine  
  163  11:24  Refinery, Marine  
  165  11:29  Refinery  
  165  11:34  Thor  
  165  11:35  Marine, Medivac x2  
  165  11:39  Marine  
  175  11:42  Marine  
  175  11:43  Marine x3  
  175  11:46  SCV  
  165  11:55  Marine  
  165  11:56  Marine  
  165  11:57  Marine x2  
  165  11:58  Marine x2  
  171  12:05  Marine  
  161  12:08  Marine x2  
  161  12:09  Marine x2  
  161  12:10  Thor  
  161  12:13  Marine  
  159  12:16  Marine  
  159  12:17  Marine x3  
  156  12:24  Marine  
  156  12:28  Marine x2, Medivac x2  
  154  12:33  Marine x3  
  141  12:39  Marine  
  135  12:46  Marine  
  135  12:50  Marine x2  
  138  12:58  Thor x2  
  138  13:00  Marine  
  138  13:01  Missile Turret, Marine  
  138  13:02  Marine  
  153  13:11  Drilling Claws  
  153  13:12  Hellion x2  
  157  13:13  Marine x2  
  157  13:23  Building Armor, Hi-Sec Auto Tracking  
  157  13:27  Planetary Fortress  
  157  13:29  Command Center  
  152  13:34  Bunker  
  152  13:43  Marine  
  145  13:59  Missile Turret  
  145  14:00  Refinery x2, Missile Turret, Marine  
  144  14:03  Marine x2  
  144  14:08  Marauder x2, Thor x2, Widow Mine, Marine  
  144  14:09  Hellion, Marine x2  
  165  14:10  Marine  
  166  14:26  Sensor Tower  
  166  14:27  SCV x2  
  168  14:36  Medivac x2  
  170  14:41  Marine  
  170  14:42  Ghost x3  
  158  15:02  Marine x3  
  161  15:10  Ghost  
  161  15:12  Barracks  
  161  15:14  Barracks  
  158  15:15  Ghost, Barracks  
  158  15:18  Sensor Tower  
  160  15:25  Marauder  
  168  15:28  Hellion x3  
  168  15:40  Marauder  
  170  15:43  Hellion, Marine  
  170  15:44  Ghost, Marine x7  
  170  15:45  Ghost, Medivac x2  
  170  15:49  Hellion  
  190  15:56  Terran Vehicle Weapons Level 3  
  186  15:57  Personal Cloaking  
  186  16:00  Marine  
  186  16:01  Marine x2  
  186  16:03  Planetary Fortress  
  189  16:10  Marine  
  190  16:13  Marauder  
  192  16:22  Siege Tank  
  192  16:23  Medivac x2  
  199  16:26  Missile Turret  
  199  16:30  Missile Turret  
  199  16:32  Sensor Tower  
  199  16:34  Command Center  
  199  16:35  Marine  
  195  16:52  Medivac  
  197  17:02  Marine  
  197  17:03  Barracks Tech Lab x2, Marauder  
  186  17:13  Marauder x2, Marine  
  189  17:21  Marine x2  
  189  17:22  Marauder x2, Marine x2  
  197  17:23  Barracks Tech Lab, Nuke  
  197  17:29  Marauder  
  199  17:40  Command Center x2  
  199  17:41  Ghost x2  
  199  17:42  Marine x2  
  199  17:57  Marine x3  
  199  17:58  Marauder x2  
  200  18:19  Marauder  
  194  18:33  Terran Vehicle And Ship Armor Level 1  
  190  18:39  Nuke  
  188  18:42  Marauder x2  
  188  18:43  Marauder  
  194  19:06  Marauder x2, Marine  
  197  19:19  Orbital Command x2  
  195  19:35  Starport  
  195  19:36  Starport  
  195  19:38  Starport  
  193  19:39  Starport  
  193  19:51  Planetary Fortress  
  193  19:57  Fusion Core  
  193  20:18  Starport Tech Lab x2  
  193  20:19  Starport Tech Lab x2  
  193  20:21  Starport  
  193  20:22  Starport  
  193  20:26  Command Center  
  193  20:29  Command Center  
  193  20:30  Viking x2  
  180  20:57  Corvid Reactor, Raven x2  
  180  20:58  Explosive Shrapnel Shells  
  180  20:59  Raven x2  
  180  21:00  Starport Tech Lab x2  
  180  21:03  Armory, Terran Vehicle And Ship Armor Level 2  
  187  21:09  Marine x2  
  187  21:10  Marine x3  
  161  21:18  SCV x2  
  161  21:19  Refinery  
  161  21:20  Refinery  
  161  21:21  Refinery  
  160  21:30  Marauder x3, Marine x11  
  160  21:32  Viking x2  
  177  21:34  Refinery  
  177  21:43  Liberator  
  171  21:47  Marine  
  171  21:48  Marine x10  
  171  21:51  Marine x3  
  184  21:55  Planetary Fortress, Orbital Command  
  184  21:57  Missile Turret  
  184  21:58  Viking x3  
  193  22:05  Marine  
  193  22:06  Marine x3  
  195  22:24  Command Center  
  195  22:34  Command Center  
  195  22:36  Command Center  
  187  22:47  Advanced Ballistics  
  187  22:48  Cloaking Field  
  187  22:49  Hyperflight Rotors  
  179  22:58  Missile Turret  
  189  23:07  Battlecruiser x3  
  189  23:11  Behemoth Reactor  
  193  23:33  Viking  
  191  23:35  Battlecruiser  
  191  23:36  Terran Ship Weapons Level 1  
  191  23:37  Orbital Command  
  191  23:39  Missile Turret  
  197  23:47  Terran Vehicle And Ship Armor Level 3  
  197  23:48  Orbital Command x2  
  197  23:52  Marine x3  
  198  24:08  Weapon Refit  
  197  24:29  Refinery  
  196  24:32  Refinery  
  196  24:38  Nuke  
  196  24:51  Refinery  
  195  24:54  Battlecruiser  
  195  24:59  Command Center  
  200  25:19  Marine x2  
  195  25:51  Terran Ship Weapons Level 2  
  194  26:00  Battlecruiser  
  187  26:15  Planetary Fortress  
  187  26:19  Missile Turret  
  171  26:35  Battlecruiser x4  
  171  26:36  Battlecruiser  
  185  27:08  Nuke  
  185  27:12  Battlecruiser  
  183  27:23  Command Center x2, Refinery  
  183  27:24  Command Center, Refinery  
  183  27:27  Marine x2  
  173  27:38  Marine  
  173  27:39  Marine x11  
  195  27:45  Marine x2  
  196  27:56  Marine  
  196  27:57  Nuke, Marine x3  

Tags
 
Add a new tag
Caveats
  • Supply blocks, unpowered buildings, or Contaminate may cause inaccurate times.
  • Supply counts are checked every 10 seconds.